 Dungeon Crawl Stone Soup version 0.21.1-1-g345015fe64 (webtiles) character file.

861 NullDivider the Sneak (level 7, -6/37 HPs)
             Began as a Spriggan Enchanter on Apr 4, 2018.
             Killed by divine providence
             ... invoked by an orc priest
              (16 damage)
             ... on level 4 of the Dungeon.
             The game lasted 00:27:27 (6596 turns).

NullDivider the Sneak (Spriggan Enchanter)          Turns: 6596, Time: 00:27:27

Health: -6/37      AC:  4    Str:  4    XL:     7   Next: 71%
Magic:  13/15      EV: 21    Int: 16    God:
Gold:   270        SH:  2    Dex: 19    Spells: 6/15 levels left

rFire    . . .     SeeInvis +   a - +1 dagger
rCold    . . .     Gourm    .   (shield restricted)
rNeg     . . .     Faith    .   b - +0 robe
rPois    .         Spirit   .   (helmet restricted)
rElec    .         Reflect  +   (no cloak)
rCorr    .         Harm     .   (gloves unavailable)
MR       +....                  (boots unavailable)
Stlth    ++++......             i - +2 amulet of reflection
HPRegen  0.12/turn              r - +2 ring of protection
MPRegen  0.14/turn              p - +3 ring of slaying

@: very quick
A: very small, unfitting armour, see invisible, herbivore, speed 3, slow
metabolism 2
a: no special abilities


You were on level 4 of the Dungeon.
You were not hungry.

You visited 1 branch of the dungeon, and saw 5 of its levels.

You collected 270 gold pieces.

Inventory:

Hand Weapons
 a - a +1 dagger (weapon)
 m - a +1 short sword of holy wrath
 y - a +2 antimagic dagger
Armour
 b - a +0 robe (worn)
Jewellery
 i - a +2 amulet of reflection (around neck)
 p - a +3 ring of slaying (right hand)
 r - a +2 ring of protection (left hand)
 v - an uncursed ring of protection from cold
Scrolls
 e - 3 scrolls of teleportation {unknown}
 f - 3 scrolls of immolation {unknown}
 g - 2 scrolls of remove curse {unknown}
 k - 2 scrolls of random uselessness {unknown}
 l - 2 scrolls of identify
 o - 3 scrolls of magic mapping {unknown}
 q - 4 scrolls of fear
 w - 3 scrolls of enchant armour {unknown}
Potions
 h - a potion of degeneration {unknown}
 j - a potion of mutation {unknown}
 n - a potion of haste {unknown}
 s - a potion of lignification {unknown}
 t - 2 potions of heal wounds {unknown}
 u - 2 potions of ambrosia {unknown}
 x - a potion of resistance {unknown}
 z - a potion of magic {unknown}
Books
 c - a book of Maledictions

   Spells                             Type                      Level
   a - Corona                         Hexes                        1
   b - Ensorcelled Hibernation        Hexes/Ice                    2
   c - Confuse                        Hexes                        3
   d - Tukima's Dance                 Hexes                        3
   e - Dazzling Spray                 Conjuration/Hexes            3
Comestibles
 d - 3 rations


   Skills:
 * Level 3.7 Fighting
 + Level 3.4 Short Blades
 + Level 5.5 Dodging
 + Level 6.8 Stealth
 + Level 4.7 Spellcasting
 + Level 5.3 Hexes


You had 6 spell levels left.
You knew the following spells:

 Your Spells              Type           Power        Failure   Level  Hunger
a - Corona                Hex            ###....      1%          1    None
b - Ensorcelled Hibernat  Hex/Ice        ##....       8%          2    ##.....
c - Confuse               Hex            ###.....     5%          3    ###....
d - Tukima's Dance        Hex            ###.....     5%          3    ###....


Dungeon Overview and Level Annotations

Branches:
Dungeon (5/15)
 Temple: D:4-7

Altars:
Ashenzari
Makhleb
Okawaru
Ru
Sif Muna
Vehumet
The Shining One


Innate Abilities, Weirdness & Mutations

You are very small and have problems with some larger weapons.
You are too small for most types of armour.
You have supernaturally acute eyesight. (SInv)
You are a herbivore.
You cover ground extremely quickly.
You need consume almost no food.


Message History

There is a stone staircase leading down here.
You climb downwards.
The orc priest calls down the wrath of Beogh upon you.
Beogh smites you!
There is a stone staircase leading up here.
The orc priest begins to cast a cantrip, but forgets the words!
You climb upwards.
There is a stone staircase leading down here.
Casting: Confuse
Confirm with . or Enter, or press ? or * to list all spells.
Aiming: Ensorcelled Hibernation
Press: ? - help, Shift-Dir - straight line, f - orc priest
Aim: an orc priest, wielding a hand axe (chance to defeat MR: 43%)
The orc priest resists with some effort.
The orc priest calls down the wrath of Beogh upon you.
Beogh smites you!
* * * LOW HITPOINT WARNING * * *
The orc priest mumbles some strange prayers to Beogh against you.
Beogh smites you!
You die...

##......#.#.#.##..#..####
###.....#.#...............#
####.).....#...#.####..#.....####
##........###..#.................
.......#### #..#.####..####..####
....#### ###..#.####..####..#
##### #..................####
####.(.####..####..#... #######
#.†@# #..# #..#.## ......# ##.>#
#..# #..#.## ###...# #o.#
#..####......
......#########..####.......##...
........................###.##.#.
......###.#####..####..........#.
###...# #.# #..##....####.##.._ #
#...# #.# #..####..........#. #
#...# #.# #..# #............


You could see an orc priest.

Vanquished Creatures
  Eustachio (D:4)
  An orc warrior (D:4)
  An ice beast (D:5)
  2 ogres (D:4)
  A crimson imp (D:5)
  A hound (D:3)
  2 orc priests
  2 orc wizards (D:4)
  A worker ant (D:4)
  A worker ant zombie (D:5)
  9 adders
  An ooze (D:1)
  An adder skeleton (D:4)
  2 worms (D:2)
  4 dart slugs
  3 leopard geckos
  9 orcs
  3 ball pythons
  4 bats
  2 giant cockroaches
  11 goblins
  9 hobgoblins
  2 quokkas
  3 frilled lizards
  2 kobolds
  2 quokka skeletons (D:4)
  5 rats
85 creatures vanquished.

Notes
Turn   | Place    | Note
-------+----------+-------------------------------------------
     0 | D:1      | NullDivider the Spriggan Enchanter began the quest for the Orb.
     0 | D:1      | Reached XP level 1. HP: 9/9 MP: 5/5
   330 | D:1      | Reached XP level 2. HP: 5/14 MP: 6/6
  1045 | D:1      | Reached skill level 1 in Fighting
  1589 | D:1      | Reached XP level 3. HP: 18/18 MP: 8/8
  1637 | D:1      | Learned a level 2 spell: Ensorcelled Hibernation
  1641 | D:1      | Learned a level 3 spell: Confuse
  2433 | D:2      | Reached XP level 4. HP: 11/22 MP: 6/9
  2709 | D:2      | Found a shattered altar of Ashenzari.
  2958 | D:2      | Found a sacrificial altar of Ru.
  3002 | D:2      | You fall through a shaft!
  3050 | D:2      | Reached skill level 5 in Stealth
  3279 | D:2      | Learned a level 3 spell: Tukima's Dance
  3503 | D:3      | Found a sacrificial altar of Ru.
  3650 | D:3      | Found a burning altar of Makhleb.
  3653 | D:3      | Reached XP level 5. HP: 26/26 MP: 9/11
  3806 | D:3      | Found a radiant altar of Vehumet.
  4264 | D:4      | Noticed an orc warrior
  4389 | D:4      | Noticed an ogre
  4407 | D:4      | Killed an ogre
  4509 | D:4      | Reached XP level 6. HP: 32/32 MP: 12/12
  5147 | D:4      | Found a glowing golden altar of the Shining One.
  5168 | D:4      | Noticed Eustachio
  5266 | D:4      | Reached skill level 6 in Stealth
  5558 | D:4      | Killed Eustachio
  5558 | D:4      | Reached skill level 5 in Dodging
  5558 | D:4      | Reached XP level 7. HP: 28/36 MP: 4/14
  5646 | D:4      | Reached skill level 5 in Hexes
  5813 | D:4      | Found a deep blue altar of Sif Muna.
  5852 | D:4      | Found an iron altar of Okawaru.
  6389 | D:5      | Entered Level 5 of the Dungeon
  6596 | D:4      | Killed from afar by an orc priest

Skill      XL: |  1  2  3  4  5  6  7 |
---------------+----------------------+-----
Fighting       | 1 2 3 |  3.7
Spellcasting   | 3 4 |  4.7
Hexes          | 4 5 |  5.3
Stealth        | 5 6 |  6.8
Short Blades   | 2 3 |  3.4
Dodging        | 4 5 |  5.5

Action                   |  1- 3 |  4- 6 |  7- 9 || total
-------------------------+-------+-------+-------++-------
Melee: Dagger            |   143 |   111 |    55 ||   309
 Cast: Corona            |     3 |       |       ||     3
       Ensorcelled Hiber |    10 |    30 |    14 ||    54
       Tukima's Dance    |       |     4 |       ||     4
       Confuse           |       |       |     3 ||     3
  Use: Scroll            |       |       |     3 ||     3
 Stab: Sleeping          |    12 |    15 |     6 ||    33
       Distracted        |     1 |     2 |       ||     3
       Confused          |       |       |     2 ||     2
  Eat: Ration            |       |     2 |     1 ||     3
Armor: Robe              |    11 |     8 |     2 ||    21
Dodge: Dodged            |   105 |    88 |    28 ||   221
Block: Other             |       |       |     2 ||     2
